 Dungeon Sprint DCSS version 0.24.0-1-gfbc8707 (webtiles) character file.

Game seed: 4618442175027724389, levelgen mode: deterministic

84175 Fang the Hoplite (level 15, -10/119 HPs)
             Began as a Gargoyle Berserker on Nov 6, 2019.
             Was the Champion of Trog.
             Mangled by a hell beast (13 damage)
             ... summoned by Safox
             ... while paralysed by a floating eye
             ... in the Dungeon (Sprint V: "Ziggurat Sprint").
             The game lasted 00:11:10 (3658 turns).

Fang the Hoplite (Gargoyle Berserker)               Turns: 3658, Time: 00:11:10

Health: -10/119    AC: 56    Str: 40    XL:     15   Next: 79%
Magic:  25/31      EV:  2    Int: 16    God:    Trog [******]
Gold:   0          SH:  0    Dex:  7    Spells: 14/14 levels left

rFire    + + .     SeeInvis +   L - +7 broad axe of World's End {flame, rF- Dex-5 SInv Stlth+}
rCold    . . .     Gourm    .   E - +18 shield of the Gong {rElec rN+ MR+ EV-5}
rNeg     + + .     Faith    .   b - +15 Maxwell's patent armour {-Cast -Tele rElec MR+ rCorr}
rPois    ∞         Spirit   .   K - +2 helmet of the Thirsty Yaks {rPois rF+ Str+2 Int+3}
rElec    +         Reflect  .   z - +2 cloak {MR+}
rCorr    +         Harm     .   S - +2 pair of gloves {Str+3}
MR       +++++     NoTele   +   M - -4 pair of boots "Wyrphomu" {rElec MR+ Str+3 Int+3} Stlth ..........NoCast +
                                N - amulet "Itommud" {+Rage MP+9 Slay+3}
HPRegen  0.29/turn              Q - ring of Ibriq {rF++ AC+2 Str+5 Dex+2}
MPRegen  0.22/turn              V - ring of the Octopus King {MP+9 AC+1 EV+1 Str+1 Int+1 Dex+1}

@: paralysed, berserk cooldown, flying, slowed, studying 2 skills, silenced
A: big wings, low mp 1, negative energy resistance 1, electricity resistance,
unbreathing, petrification resistance, rot immunity, AC +11
a: Stop Flying, Renounce Religion, Evoke Berserk Rage


You were in the Dungeon.
You worshipped Trog.
Trog was exalted by your worship.
You were near starving.

You visited 1 branch

Inventory:

Hand Weapons
 a - a +5 broad axe of flaming
 g - a +2 broad axe of chopping
 o - a +2 antimagic broad axe
 x - a +3 broad axe of freezing
 B - the +6 war axe "Jutaewoj" {protect, rN+ MR+ Int-2}
   (You found it in the Dungeon)

   It grants its wielder temporary protection when it strikes (+7 to AC).
   It affects your intelligence (-2).
   It protects you from negative energy.
   It affects your resistance to hostile enchantments.
 I - the +1 broad axe of Hatred {chop, rPois}
   (Trog gifted it to you in the Dungeon)

   It inflicts extra damage upon your enemies.
   It protects you from poison.
 J - a +2 broad axe of draining
 L - the +7 broad axe of World's End (weapon) {flame, rF- Dex-5 SInv Stlth+}
   (You took it off a naga warrior in the Dungeon)

   It has been specially enchanted to burn those struck by it, causing extra
   injury to most foes and up to half again as much damage against particularly
   susceptible opponents.
   Big, fiery blades are also staple armaments of hydra-hunters.
   It affects your dexterity (-5).
   It makes you vulnerable to fire.
   It lets you see invisible.
   It makes you more stealthy.
 T - a +4 broad axe of venom
Armour
 b - the +15 Maxwell's patent armour (worn) {-Cast -Tele rElec MR+ rCorr}
   (You found it in the Dungeon)

   It insulates you from electricity.
   It affects your resistance to hostile enchantments.
   It prevents spellcasting.
   It prevents most forms of teleportation.
   It provides partial protection from all sources of acid and corrosion.
 z - a +2 cloak of magic resistance (worn)
 E - the +18 shield of the Gong (worn) {rElec rN+ MR+ EV-5}
   (You found it in the Dungeon)

   It affects your evasion (-5).
   It insulates you from electricity.
   It protects you from negative energy.
   It affects your resistance to hostile enchantments.
 K - the +2 helmet of the Thirsty Yaks (worn) {rPois rF+ Str+2 Int+3}
   (You found it in the Dungeon)

   It affects your strength (+2).
   It affects your intelligence (+3).
   It protects you from fire.
   It protects you from poison.
 M - the -4 pair of boots "Wyrphomu" (worn) {rElec MR+ Str+3 Int+3}
   (You found it in the Dungeon)

   It affects your strength (+3).
   It affects your intelligence (+3).
   It insulates you from electricity.
   It affects your resistance to hostile enchantments.
 S - a +2 pair of gloves of strength (worn)
 U - the +0 cloak "Reen" {Str+4}
   (You found it in the Dungeon)

   It affects your strength (+4).
Jewellery
 y - a +1 ring of slaying
 A - the amulet of the Briny Deep {Gourm +Inv rElec rPois}
   (You found it in the Dungeon)

   [amulet of the gourmand]

   It allows you to eat raw meat even when not hungry.
   It insulates you from electricity.
   It protects you from poison.
   It lets you turn invisible.
 C - the ring "Bunwug" {rPois rC+++ AC+5 Dex-2}
   (You took it off a merfolk impaler in the Dungeon)

   [ring of protection]

   It affects your AC (+5).
   It affects your dexterity (-2).
   It renders you almost immune to cold.
   It protects you from poison.
 D - an uncursed ring of fire
 G - an uncursed ring of ice
 H - the amulet of Zam Noepizo {Inacc Int+3 Dex+4 Stlth+}
   (You found it in the Dungeon)

   [amulet of inaccuracy]

   It reduces the accuracy of all your attacks.
   It affects your intelligence (+3).
   It affects your dexterity (+4).
   It makes you more stealthy.
 N - the amulet "Itommud" (around neck) {+Rage MP+9 Slay+3}
   (You found it in the Dungeon)

   [amulet of rage]

   It affects your accuracy and damage with ranged weapons and melee attacks
   (+3).
   It affects your magic capacity (+9).
   It lets you go berserk.
 Q - the ring of Ibriq (left hand) {rF++ AC+2 Str+5 Dex+2}
   (You found it in the Dungeon)

   [ring of protection]

   It affects your AC (+2).
   It affects your strength (+5).
   It affects your dexterity (+2).
   It greatly protects you from fire.
 V - a ring of the Octopus King (right hand) {MP+9 AC+1 EV+1 Str+1 Int+1 Dex+1}
   (You found it in the Dungeon)

   [ring of magical power]

   It affects your AC (+1).
   It affects your evasion (+1).
   It affects your strength (+1).
   It affects your intelligence (+1).
   It affects your dexterity (+1).
   It affects your magic capacity (+9).
 W - the amulet "Uvioc" {RegenMP rC+ rN++}
   (You found it in the Dungeon)

   [amulet of magic regeneration]

   It increases your magic regeneration.
   It protects you from cold.
   It greatly protects you from negative energy.
Wands
 u - a wand of disintegration (7)
 v - a wand of iceblast (7)
 w - a wand of acid (7)
Scrolls
 i - 4 scrolls of blinking
 j - 7 scrolls of fog
 k - a scroll of holy word
 l - 5 scrolls of identify
 m - 4 scrolls of remove curse
 n - 2 scrolls of fear
 O - 3 scrolls of enchant armour
 R - a scroll of brand weapon
Potions
 d - 10 potions of curing
 e - 11 potions of heal wounds
 f - 10 potions of haste
 h - 3 potions of berserk rage
 p - 2 potions of invisibility
 q - 4 potions of resistance
 r - a potion of experience
 s - 5 potions of agility
 t - 5 potions of might
Books
 F - a manual of Stealth
 P - a manual of Throwing
Comestibles
 c - 7 rations


   Skills:
 * Level 23.2 Fighting
 * Level 20.2 Axes
 + Level 17.2 Armour
 + Level 13.8 Dodging
 * Level 24.3 Shields


You had 14 spell levels left.
You didn't know any spells.
Your spell library was empty.

Dungeon Overview and Level Annotations

Branches:
Dungeon (1/1)

Altars:
Ashenzari
Cheibriados
Dithmenos
Elyvilon
Fedhas
Gozag
Hepliaklqana
Kikubaaqudgha
Makhleb
Nemelex Xobeh
Okawaru
Qazlal
Ru
Sif Muna
Trog
Uskayaw
Vehumet
Wu Jian
Xom
Yredelemnul
Zin
The Shining One
Beogh
Jiyva
Lugonu


Innate Abilities, Weirdness & Mutations

You are resistant to torment.
Your stone body is resilient. (AC +11)
You are immune to poison.
Your large and strong wings let you fly indefinitely.
You resist negative energy. (rN+)
You are resistant to electric shocks. (rElec)
You can survive without breathing.
You are immune to petrification.
You are immune to rotting.
Your magical capacity is low. (-10% MP)


Message History

The blizzard demon waves its arms in wide circles.
The air twists around and violently strikes you in flight.
* * * LOW HITPOINT WARNING * * *
The floating eye's view fixates on you. The golden eye blinks at you.
You resist with almost no effort. You block Olarushro's attack.
Picol hits you but does no damage. Space warps horribly around you!
* * * LOW HITPOINT WARNING * * *
Une Tafeh moves out of view.
The floating eye gazes piercingly through you!
You suddenly lose the ability to move!
Picol hits you but does no damage. Space warps horribly around you!
* * * LOW HITPOINT WARNING * * *
Olarushro gestures at you. The bolt of energy hits you.
* * * LOW HITPOINT WARNING * * *
The jumping spider leaps!
The golden eye blinks!
Dibloxa gestures.
The hell beast bites you!
You die...

.......&.......▓.
▓......bb.......▓.
▓...........b...▓.
▓....2..........▓.
▓...&..b........▓▓
▓..°▓&&G....▓..
▓.2▓1▓3r&..▓.▓ .
▓2&.▓&16r...▓...
▓@&1&&21.&......
▓.&&2.G2srr.....
▓▓▓▓▓▓▓▓▓▓▓▓▓▓▓▓


You could see Cialo, Deucaol, Dibloxa, Maboqexunn, Olarushro, Picol, Quotwen,
Safox, Une Tafeh, Usueriem, Viymizxe, 2 Hell Sentinels, an Ice Fiend, a
cacodemon, 2 hell beasts, a balrug, an Executioner, a blizzard demon, a demonic
crawler, a torturous demonspawn, a hellion, a hell rat and a floating eye.

Vanquished Creatures
  A greater mummy (D)
  2 krakens (D)
  2 thorn hunters (D)
  A deep elf elementalist (D)
  4 spriggan defenders (D)
  A black draconian (D)
  4 apis (D)
  A dire elephant (D)
  A purple draconian (D)
  A green draconian (D)
  5 merfolk javelineers (D)
  2 merfolk impalers (D)
  A mummy priest (D)
  2 yaktaur captains (D)
  8 vault guards (D)
  3 naga warriors (D)
  4 two-headed ogres (D)
  An alligator snapping turtle (D)
  4 shambling mangroves (D)
  5 spriggan air magi (D)
  A merfolk aquamancer (D)
  2 anacondas (D)
  A satyr (D)
  2 hell hogs (D)
  7 soul eaters (D)
  5 spriggan berserkers (D)
  A sixfirhy (D)
  2 sea snakes (D)
  A swamp dragon (D)
  3 spriggan druids (D)
  A necromancer (D)
  2 oklob plants (D)
  4 draconians (D)
  A wolf spider (D)
  3 fauns (D)
  2 large abominations (D)
  A shining eye (D)
  2 cyclopes (D)
  2 merfolk sirens (D)
  A vault sentinel (D)
  A naga mage (D)
  A guardian serpent (D)
  An eye of devastation (D)
  2 black mambas (D)
  A komodo dragon (D)
  2 hellions (D)
  5 efreet (D)
  2 dryads (D)
  3 red devils (D)
  A tormentor (D)
  6 merfolk (D)
  3 wind drakes (D)
  9 hornets (D)
  A hippogriff (shapeshifter) (D)
  2 hippogriffs (D)
  A slime creature (D)
  A blink frog (D)
  3 snapping turtles (D)
  A shadow (D)
  3 ushabtiu (D)
  2 spriggans (D)
  3 flying skulls (D)
  A fire bat (D)
  A fire elemental (D)
  3 nagas (D)
  3 insubstantial wisps (D)
  A water moccasin (D)
  2 floating eyes (D)
  3 hell hounds (D)
  A porcupine (D)
  A necrophage (D)
  A centaur (D)
  A crocodile (D)
  A small abomination (D)
  4 scorpions (D)
  A wight (D)
  3 starcursed masses (D)
  A quasit (D)
  A crimson imp (D)
  A jelly (D)
  An iron imp (D)
  An iguana (D)
  9 mummies (D)
  4 adders (D)
  2 shadow imps (D)
  A white imp (D)
  An ufetubus (D)
  An ooze (D)
  A spectral adder (D)
  2 adder zombies (D)
  5 adder skeletons (D)
  A spectral bat (D)
  3 ball pythons (D)
  3 bat skeletons (D)
  2 bat zombies (D)
  A ball python skeleton (D)
  A ball python zombie (D)
  A giant cockroach zombie (D)
  2 jackal zombies (D)
  2 leopard gecko skeletons (D)
  2 quokka zombies (D)
  9 tentacles (D)
236 creatures vanquished.

Vanquished Creatures (others)
  A sixfirhy (D)
  15 tentacles (D)
16 creatures vanquished.

Grand Total: 252 creatures vanquished

Notes
Turn   | Place    | Note
-------+----------+-------------------------------------------
     0 | D        | Fang the Gargoyle Berserker began the quest for the Orb.
     0 | D        | Reached XP level 1. HP: 14/14 MP: 1/1
     0 | D        | Found a blossoming altar of Fedhas.
     1 | D        | Found the +6 Majin-Bo {vamp, Archmagi MP+6 Int+6}
     1 | D        | Found the +7 great mace "Firestarter" {inner flame, rF++}
     1 | D        | Found a transporter.
     1 | D        | Found a viscous altar of Jiyva.
     1 | D        | Found an ancient bone altar of Kikubaaqudgha.
     1 | D        | Found a hazy altar of Hepliaklqana.
     1 | D        | Found a corrupted altar of Lugonu.
     1 | D        | Found an opulent altar of Gozag.
     1 | D        | Found a burning altar of Makhleb.
    23 | D        | Found a stormy altar of Qazlal.
    23 | D        | Found an iron altar of Okawaru.
    23 | D        | Found a sacrificial altar of Ru.
    23 | D        | Found a sparkling altar of Nemelex Xobeh.
    23 | D        | Found a shimmering blue altar of Sif Muna.
    23 | D        | Found a bloodstained altar of Trog.
    30 | D        | Found the +9 heavy crossbow "Sniper" {velocity, Acc+∞ SInv}
    30 | D        | Found the +10 dark maul {crush}
    30 | D        | Found the +15 Maxwell's patent armour {-Cast -Tele rElec
                  | MR+ rCorr}
    30 | D        | Found the +18 shield of the Gong {rElec rN+ MR+ EV-5}
    30 | D        | Found the cursed +14 obsidian axe {chop, +Fly SInv *Curse}
    81 | D        | Entered arena 2.
    81 | D        | Noticed an iguana
    81 | D        | Noticed a porcupine
    81 | D        | Found a transporter.
    83 | D        | Killed an iguana
    83 | D        | Reached skill level 2 in Shields
    83 | D        | Reached XP level 2. HP: 20/20 MP: 2/2
    83 | D        | Reached XP level 3. HP: 24/24 MP: 3/3
    85 | D        | Killed a porcupine
    85 | D        | Reached skill level 5 in Axes
    85 | D        | Reached skill level 5 in Shields
    85 | D        | Reached XP level 4. HP: 32/32 MP: 4/4
    85 | D        | Reached XP level 5. HP: 36/36 MP: 5/5
   167 | D        | Entered arena 3.
   167 | D        | Noticed an insubstantial wisp
   167 | D        | Noticed an insubstantial wisp
   167 | D        | Noticed an insubstantial wisp
   167 | D        | Found a transporter.
   174 | D        | Killed an insubstantial wisp
   174 | D        | Reached ** piety under Trog
   174 | D        | Reached skill level 6 in Shields
   174 | D        | Reached XP level 6. HP: 44/44 MP: 6/6
   183 | D        | Killed an insubstantial wisp
   183 | D        | Reached skill level 5 in Armour
   183 | D        | Reached skill level 7 in Shields
   185 | D        | Killed an insubstantial wisp
   185 | D        | Reached XP level 7. HP: 44/50 MP: 7/7
   325 | D        | Entered arena 4.
   325 | D        | Noticed a wolf spider
   325 | D        | Noticed a vault sentinel
   325 | D        | Noticed a necromancer
   325 | D        | Noticed a hippogriff
   325 | D        | Found a transporter.
   330 | D        | Killed a hippogriff
   330 | D        | Reached skill level 8 in Shields
   332 | D        | Killed a wolf spider
   332 | D        | Reached *** piety under Trog
   332 | D        | Reached skill level 10 in Fighting
   332 | D        | Reached skill level 5 in Dodging
   332 | D        | Reached skill level 9 in Shields
   332 | D        | Reached XP level 8. HP: 57/57 MP: 8/8
   340 | D        | Killed a vault sentinel
   340 | D        | Reached skill level 10 in Shields
   341 | D        | Killed a necromancer
   341 | D        | Reached **** piety under Trog
   341 | D        | Reached XP level 9. HP: 64/64 MP: 9/9
   380 | D        | Entered arena 5.
   380 | D        | Found a transporter.
   388 | D        | Reached skill level 11 in Shields
   394 | D        | Entered arena 6.
   394 | D        | Noticed a cyclops
   394 | D        | Noticed a two-headed ogre
   394 | D        | Noticed a two-headed ogre
   394 | D        | Noticed a two-headed ogre
   394 | D        | Noticed a two-headed ogre
   394 | D        | Found a transporter.
   399 | D        | Killed a two-headed ogre
   399 | D        | Reached ***** piety under Trog
   399 | D        | Reached skill level 10 in Axes
   399 | D        | Killed a two-headed ogre
   399 | D        | Reached skill level 12 in Shields
   401 | D        | Killed a two-headed ogre
   401 | D        | Reached XP level 10. HP: 72/72 MP: 10/10
   403 | D        | Killed a two-headed ogre
   403 | D        | Received a gift from Trog
   408 | D        | Killed a cyclops
   408 | D        | Reached skill level 13 in Shields
   462 | D        | Entered arena 7.
   462 | D        | Noticed a shining eye
   462 | D        | Noticed an eye of devastation
   463 | D        | Found a transporter.
   464 | D        | Paralysed by a floating eye for 2 turns
   467 | D        | Gained mutation: Your magical capacity is low. (-10% MP) [a
                  | shining eye]
   468 | D        | Paralysed by a floating eye for 2 turns
   475 | D        | Killed an eye of devastation
   475 | D        | Reached skill level 10 in Armour
   477 | D        | Killed a shining eye
   843 | D        | Entered arena 8.
   843 | D        | Noticed a cyclops
   844 | D        | Found a transporter.
   854 | D        | Killed a cyclops
   854 | D        | Received a gift from Trog
   854 | D        | Reached XP level 11. HP: 80/80 MP: 9/9
   857 | D        | Reached skill level 14 in Shields
   904 | D        | Entered arena 9.
   904 | D        | Noticed a black draconian
   904 | D        | Noticed a green draconian
   904 | D        | Noticed a draconian
   904 | D        | Noticed a draconian
   904 | D        | Noticed a draconian
   904 | D        | Noticed a purple draconian
   904 | D        | Noticed a draconian
   905 | D        | Identified the +9 dagger of the Insatiable Curses {freeze,
                  | +Blink rPois rF+}
   905 | D        | Identified the +6 battleaxe of Reinforcement {drain, rElec
                  | MR+++ Str-4}
   905 | D        | Identified the +6 shortbow of Indomitability {velocity,
                  | *Corrode rC+ Dex+2}
   905 | D        | Found a transporter.
   916 | D        | Killed a purple draconian
   918 | D        | Killed a draconian
   919 | D        | Killed a black draconian
   919 | D        | Reached ****** piety under Trog
   919 | D        | Received a gift from Trog
   919 | D        | Reached skill level 15 in Fighting
   922 | D        | Killed a draconian
   923 | D        | Killed a draconian
   928 | D        | Killed a draconian
   928 | D        | Reached skill level 15 in Shields
   937 | D        | Killed a green draconian
   993 | D        | Entered arena 10.
   994 | D        | Found the +5 robe of Night {Dark MR+ SInv}
   994 | D        | Found a transporter.
   998 | D        | Received a gift from Trog
  1004 | D        | Received a gift from Trog
  1125 | D        | Entered arena 11.
  1125 | D        | Noticed a hell hog
  1125 | D        | Noticed a hell hog
  1126 | D        | Found a transporter.
  1133 | D        | Killed a hell hog
  1135 | D        | Killed a hell hog
  1135 | D        | Received a gift from Trog
  1135 | D        | Reached XP level 12. HP: 48/88 MP: 10/10
  1367 | D        | Entered arena 12.
  1367 | D        | Noticed a vault guard
  1367 | D        | Noticed a vault guard
  1367 | D        | Noticed a vault guard
  1367 | D        | Noticed a vault guard
  1367 | D        | Noticed a vault guard
  1367 | D        | Noticed a vault guard
  1367 | D        | Noticed a yaktaur captain
  1367 | D        | Noticed a vault guard
  1368 | D        | Noticed a vault guard
  1368 | D        | Noticed a yaktaur captain
  1370 | D        | Found a transporter.
  1373 | D        | Killed a vault guard
  1373 | D        | Reached skill level 16 in Shields
  1378 | D        | Killed a vault guard
  1380 | D        | Killed a vault guard
  1380 | D        | Received a gift from Trog
  1383 | D        | Killed a vault guard
  1383 | D        | Killed a yaktaur captain
  1385 | D        | Killed a vault guard
  1387 | D        | Killed a yaktaur captain
  1394 | D        | Killed a vault guard
  1394 | D        | Reached skill level 10 in Dodging
  1394 | D        | Reached skill level 17 in Shields
  1402 | D        | Killed a vault guard
  1409 | D        | Killed a vault guard
  1409 | D        | Reached skill level 15 in Axes
  1441 | D        | Got the amulet of the Briny Deep {Gourm +Inv rElec rPois}
  1513 | D        | Entered arena 13.
  1513 | D        | Noticed an anaconda
  1513 | D        | Noticed a dire elephant
  1513 | D        | Noticed a spriggan defender
  1513 | D        | Noticed an apis
  1513 | D        | Noticed an apis
  1514 | D        | Noticed a spriggan air mage
  1514 | D        | Noticed an apis
  1515 | D        | Found a transporter.
  1522 | D        | Received a gift from Trog
  1524 | D        | Killed an anaconda
  1524 | D        | Reached XP level 13. HP: 97/97 MP: 11/11
  1526 | D        | Killed a spriggan defender
  1526 | D        | Received a gift from Trog
  1527 | D        | Killed an apis
  1529 | D        | Killed an apis
  1533 | D        | Killed a dire elephant
  1533 | D        | Reached skill level 18 in Shields
  1552 | D        | Killed an apis
  1695 | D        | Entered arena 14.
  1696 | D        | Noticed a spriggan defender
  1696 | D        | Noticed a thorn hunter
  1696 | D        | Noticed a thorn hunter
  1709 | D        | Killed a thorn hunter
  1709 | D        | Received a gift from Trog
  1712 | D        | Found a transporter.
  1713 | D        | Killed a thorn hunter
  1718 | D        | Killed a spriggan defender
  1718 | D        | Received a gift from Trog
  1718 | D        | Reached skill level 19 in Shields
  2110 | D        | Got an iridescent broad axe {god gift}
  2115 | D        | Identified the +1 broad axe of Hatred {chop, rPois} (Trog
                  | gifted it to you in the Dungeon)
  2125 | D        | Got the +2 helmet of the Thirsty Yaks {rPois rF+ Str+2
                  | Int+3}
  2132 | D        | Entered arena 15.
  2133 | D        | Noticed a starcursed mass
  2134 | D        | Identified the +6 great sword of Saltpetre {protect, Str+3}
  2134 | D        | Noticed a deep elf elementalist
  2137 | D        | Received a gift from Trog
  2146 | D        | Received a gift from Trog
  2152 | D        | Killed a starcursed mass
  2152 | D        | Gained mutation: Your large and strong wings let you fly
                  | indefinitely. [Gargoyle growth]
  2152 | D        | Reached XP level 14. HP: 106/106 MP: 12/12
  2154 | D        | Killed a deep elf elementalist
  2186 | D        | Found a transporter.
  2199 | D        | Got the cursed -4 pair of boots "Wyrphomu" {rElec MR+ Str+3
                  | Int+3}
  2219 | D        | Entered arena 16.
  2223 | D        | Received a gift from Trog
  2236 | D        | Reached skill level 20 in Shields
  2239 | D        | Received a gift from Trog
  2245 | D        | Received a gift from Trog
  2252 | D        | Found a transporter.
  2260 | D        | Got the amulet "Itommud" {+Rage MP+9 Slay+3}
  2285 | D        | Entered arena 17.
  2288 | D        | Noticed a greater mummy
  2289 | D        | Noticed an emperor scorpion
  2289 | D        | Noticed an emperor scorpion
  2291 | D        | Found a transporter.
  2293 | D        | Noticed an emperor scorpion
  2307 | D        | Received a gift from Trog
  2307 | D        | Received a gift from Trog
  2309 | D        | Noticed an emperor scorpion
  2309 | D        | Noticed an emperor scorpion
  2309 | D        | Noticed an emperor scorpion
  2309 | D        | Noticed an emperor scorpion
  2313 | D        | Killed a greater mummy
  2313 | D        | Reached skill level 15 in Armour
  2313 | D        | Reached skill level 21 in Shields
  2574 | D        | Entered arena 18.
  2579 | D        | Identified the +7 broad axe of World's End {flame, rF-
                  | Dex-5 SInv Stlth+}
  2579 | D        | Identified the +9 mace of Optimality {venom, Str+2 Dex+4}
  2586 | D        | Received a gift from Trog
  2587 | D        | Found a transporter.
  2593 | D        | Received a gift from Trog
  2603 | D        | Reached skill level 22 in Shields
  2637 | D        | Got the amulet of Zam Noepizo {Inacc Int+3 Dex+4 Stlth+}
  2663 | D        | Entered arena 19.
  2666 | D        | Noticed an apis
  2667 | D        | Noticed a spriggan defender
  2667 | D        | Noticed a spriggan defender
  2669 | D        | Found a transporter.
  2672 | D        | Received a gift from Trog
  2676 | D        | Killed a spriggan defender
  2677 | D        | Killed an apis
  2679 | D        | Received a gift from Trog
  2693 | D        | Received a gift from Trog
  2693 | D        | Reached XP level 15. HP: 39/115 MP: 13/13
  2694 | D        | Reached skill level 23 in Shields
  2697 | D        | Received a gift from Trog
  2718 | D        | Received a gift from Trog
  3000 | D        | Entered arena 20.
  3007 | D        | Found the ring of the Octopus King {MP+9 AC+1 EV+1 Str+1
                  | Int+1 Dex+1}
  3014 | D        | Received a gift from Trog
  3019 | D        | Found a transporter.
  3022 | D        | Received a gift from Trog
  3051 | D        | Got the ring of Ibriq {rF++ AC+2 Str+5 Dex+2}
  3060 | D        | Got a ring of the Octopus King {MP+9 AC+1 EV+1 Str+1 Int+1
                  | Dex+1}
  3065 | D        | Got the amulet "Uvioc" {RegenMP rC+ rN++}
  3118 | D        | Got the +6 war axe "Jutaewoj" {protect, rN+ MR+ Int-2}
  3124 | D        | Entered arena 21.
  3135 | D        | Received a gift from Trog
  3136 | D        | Identified the +5 arbalest of the Butterfly {venom, rN+
                  | MP+9 Str+3 Dex-4}
  3137 | D        | Identified the ring "Bunwug" {rPois rC+++ AC+5 Dex-2}
  3149 | D        | Received a gift from Trog
  3162 | D        | Received a gift from Trog
  3174 | D        | Received a gift from Trog
  3174 | D        | Reached skill level 24 in Shields
  3199 | D        | Noticed a kraken
  3367 | D        | Noticed a kraken
  3369 | D        | Found a transporter.
  3378 | D        | Killed a kraken
  3483 | D        | Killed a kraken
  3483 | D        | Received a gift from Trog
  3605 | D        | Got the +0 cloak "Reen" {Str+4}
  3631 | D        | Entered arena 22.
  3633 | D        | Noticed Cialo the pandemonium lord
  3633 | D        | Noticed Quotwen the pandemonium lord
  3633 | D        | Noticed Safox the pandemonium lord
  3635 | D        | Noticed Viymizxe the pandemonium lord
  3636 | D        | Noticed a balrug
  3636 | D        | Noticed Olarushro the pandemonium lord
  3637 | D        | Noticed a Hell Sentinel
  3637 | D        | Noticed an Executioner
  3638 | D        | Noticed an Ice Fiend
  3639 | D        | Noticed Deucaol the pandemonium lord
  3640 | D        | Noticed Picol the pandemonium lord
  3641 | D        | Noticed Maboqexunn the pandemonium lord
  3642 | D        | Noticed Tinoku the pandemonium lord
  3646 | D        | Noticed Dibloxa the pandemonium lord
  3647 | D        | Noticed Usueriem the pandemonium lord
  3650 | D        | Noticed a Hell Sentinel
  3653 | D        | Paralysed by a floating eye for 2 turns
  3657 | D        | Noticed a cacodemon
  3657 | D        | Noticed Une Tafeh the pandemonium lord
  3658 | D        | Paralysed by a floating eye for 2 turns
  3658 | D        | HP: 3/119 [disintegration (3)]
  3658 | D        | Mangled by a hell beast

Levels and vault maps discovered:
D:        sprint_v [room_start, room_1, room_2, room_3, room_4, room_5, room_6,
          room_7, room_8, room_9, room_10, room_11, room_12, room_13, room_14,
          room_15, room_16, room_17, room_18, room_19, room_20, room_21,
          room_22, room_23, room_24, room_25, room_26, room_27]

Skill      XL: |  1  2  3  4  5  6  7  8  9 10 11 12 13 14 15 |
---------------+----------------------------------------------+-----
Fighting       | 4 6 7 8 10 11 12 14 16 17 19 21 23 | 23.2
Axes           | 3 5 6 7 8 9 11 12 13 15 17 18 20 | 20.2
Armour         | 3 4 5 7 9 10 11 12 14 16 17 | 17.2
Dodging        | 2 3 4 5 6 7 8 9 10 11 12 13 | 13.8
Shields        | 2 5 6 7 9 10 12 13 15 17 19 22 24 | 24.3

Action                   |  1- 3 |  4- 6 |  7- 9 | 10-12 | 13-15 || total
-------------------------+-------+-------+-------+-------+-------++-------
Melee: Broad axe         |     3 |    15 |    27 |   128 |   270 ||   443
Invok: Berserk           |     1 |     1 |     2 |     6 |     9 ||    19
       Trog's Hand       |       |       |       |       |     1 ||     1
  Use: Scroll            |       |       |       |       |     6 ||     6
       Potion            |       |       |       |       |     3 ||     3
  Eat: Chunk             |       |       |     1 |    10 |    25 ||    36
       Ration            |       |       |       |       |     1 ||     1
Armor: Plate armour      |     1 |     3 |    16 |    39 |   161 ||   220
Dodge: Dodged            |       |       |     6 |    23 |    46 ||    75
Block: Shield            |     2 |    19 |    39 |   201 |   449 ||   710
